 Dungeon Crawl Stone Soup version 0.28.0 (webtiles) character file.

Game seed: 5353358087389495058

6561 trckry the Slicer (level 11, -2/48 HPs)
             Began as a Kobold Enchanter on Feb 11, 2022.
             Was an Elder of Hepliaklqana.
             Slain by a killer bee (5 damage)
             ... on level 9 of the Dungeon.
             The game lasted 00:31:12 (10234 turns).

trckry the Slicer (Kobold Enchanter)               Turns: 10234, Time: 00:31:13

Health: -2/48      AC:  6    Str:  6    XL:     11   Next: 21%
Magic:  30/35      EV: 15    Int: 21    God:    Hepliaklqana [****..]
Gold:   404        SH:  0    Dex: 15    Spells: 10/18 levels left

rFire   . . .      SeeInvis .   a - +2 dagger (elec)
rCold   . . .      Faith    .   (no shield)
rNeg    . . .      Spirit   .   B - +0 robe
rPois   .          Reflect  .   T - +2 hat
rElec   .          Harm     .   x - +0 cloak
rCorr   .          Rampage  .   (no gloves)
Will    .....                   C - +0 pair of boots
Stlth   +++++.....              G - amulet of magic regeneration
HPRegen 0.16/turn               i - ring of magical power
MPRegen 0.64/turn               F - ring of magical power

@: confusing by touch
A: reduced essence, small, no large weapons, nightstalker 3
a: Renounce Religion, Recall Ancestor, Ancestor Identity, Transference, Idealise


You were on level 9 of the Dungeon.
You worshipped Hepliaklqana.
Hepliaklqana was greatly pleased with you.
You visited 2 branches of the dungeon, and saw 10 of its levels.

You collected 404 gold pieces.

Inventory:

Hand Weapons
 a - a +2 dagger of electrocution (weapon)
 b - a +0 rapier of flaming
Missiles
 l - 4 atropa-tipped darts
 q - 18 poisoned darts (quivered)
 K - a curare-tipped dart
 O - 2 throwing nets
Armour
 x - a +0 cloak (worn)
 B - a +0 robe (worn)
 C - a +0 pair of boots (worn)
 T - a +2 hat (worn)
Jewellery
 e - an amulet of reflection
 i - a ring of magical power (left hand)
 F - a ring of magical power (right hand)
 G - an amulet of magic regeneration (around neck)
 L - an amulet of guardian spirit
Wands
 s - a wand of polymorph (7)
 u - a wand of acid (8)
 H - a wand of mindburst (14)
 Q - a wand of iceblast (7)
Scrolls
 d - 8 scrolls of identify {unknown}
 f - 2 scrolls of enchant weapon {unknown}
 h - 4 scrolls of immolation
 k - a scroll of brand weapon {unknown}
 n - 2 scrolls of silence {unknown}
 v - 2 scrolls of enchant armour {unknown}
 y - a scroll of summoning {unknown}
 z - 2 scrolls of magic mapping {unknown}
 A - a scroll of fear {unknown}
 D - 3 scrolls of vulnerability {unknown}
 I - a scroll of amnesia {unknown}
 J - 3 scrolls of teleportation {unknown}
 N - a scroll of blinking {unknown}
Potions
 c - a potion of invisibility
 g - 3 potions of heal wounds {unknown}
 j - 3 potions of might {unknown}
 m - 3 potions of curing {unknown}
 o - 2 potions of lignification {unknown}
 p - 2 potions of attraction {unknown}
 r - a potion of mutation {unknown}
 t - 3 potions of brilliance {unknown}
 E - 3 potions of degeneration {unknown}
 M - a potion of haste {unknown}
 P - a potion of ambrosia {unknown}
 S - a potion of flight {unknown}


   Skills:
 - Level 10.0 Short Blades
 - Level 2.5 Dodging
 + Level 9.5 Stealth
 - Level 4.0 Spellcasting
 * Level 9.2 Hexes
 - Level 4.0 Ice Magic
 * Level 9.2 Invocations


You had 10 spell levels left.
You knew the following spells:

 Your Spells              Type           Power      Damage    Failure   Level
a - Ensorcelled Hibernat  Hex/Ice        64%        N/A       1%          2
b - Confusing Touch       Hex            43%        N/A       1%          3
c - Tukima's Dance        Hex            43%        N/A       1%          3

Your spell library contained the following spells:

 Spells                   Type           Power      Damage    Failure   Level
 Slow                     Hex            100%       N/A       1%          1
 Dazzling Flash           Conj/Hex       46%        N/A       5%          3
 Portal Projectile        Hex/Tloc       46%        N/A       5%          3
 Animate Skeleton         Necr           8%         N/A       12%         1
 Pain                     Necr           16%        1d4       12%         1
 Sting                    Tmut/Pois      16%        1d3       12%         1
 Poisonous Vapours        Pois/Air       8%         N/A       19%         2
 Leda's Liquefaction      Hex/Erth       11%        N/A       19%         4
 Call Canine Familiar     Summ           4%         N/A       34%         3
 Vampiric Draining        Necr           4%         2d6       34%         3
 Olgreb's Toxic Radiance  Pois           4%         N/A       75%         4
 Alistair's Intoxication  Tmut/Pois      2%         N/A       97%         5
 Borgnjor's Vile Clutch   Necr/Erth      2%         N/A       97%         5
 Eringya's Noxious Bog    Tmut/Pois      2%         N/A       100%        6


Dungeon Overview and Level Annotations

Branches:
Dungeon (9/15)             Temple (1/1) D:7
   Lair: D:8-11         Orc: D:9-12

Altars:
Ashenzari
Dithmenos
Elyvilon
Fedhas
Gozag
Hepliaklqana
Kikubaaqudgha
Okawaru
Qazlal
Ru
Sif Muna
Trog
Uskayaw
Vehumet
Wu Jian
Xom
Yredelemnul
Zin
The Shining One

Portals:
Abyss: D:3

Annotations:
D:3 2 transporters, Drazool's ghost, amateur FeSu


Innate Abilities, Weirdness & Mutations

Your life essence is reduced to manifest your ancestor. (-10% HP)
You are small and have problems with some larger weapons.
You are completely attuned to the shadows.


Message History

You stick the killer bee like a pincushion!!!!
You kill the killer bee!
The killer bee stings you but does no damage.
Casting: Ensorcelled Hibernation (safe; 1% risk of failure)
Confirm with . or Enter, or press ? or * to list all spells.
Aiming: Ensorcelled Hibernation (safe; 1% risk of failure)
Press: ? - help, Shift-Dir - straight line, f - killer bee
Aim: a killer bee (chance to affect: 69%)
The killer bee looks drowsy...
The helpless killer bee fails to defend itself.
You perforate the killer bee like a sieve!!!!
You kill the killer bee!
Casting: Ensorcelled Hibernation (safe; 1% risk of failure)
Confirm with . or Enter, or press ? or * to list all spells.
Aiming: Ensorcelled Hibernation (safe; 1% risk of failure)
Press: ? - help, Shift-Dir - straight line, f - killer bee
Aim: a killer bee (heavily wounded, slow, not susceptible)
Okay, then.
Okay, then.
A killer bee comes into view.
The killer bee is no longer moving slowly.
The killer bee barely misses you.
Casting: Ensorcelled Hibernation (safe; 1% risk of failure)
Confirm with . or Enter, or press ? or * to list all spells.
Aiming: Ensorcelled Hibernation (safe; 1% risk of failure)
Press: ? - help, Shift-Dir - straight line, f - killer bee
Aim: a killer bee (chance to affect: 69%)
The killer bee looks drowsy...
The helpless killer bee fails to defend itself.
You perforate the killer bee like a sieve!!!!
You kill the killer bee!
Casting: Ensorcelled Hibernation (safe; 1% risk of failure)
Confirm with . or Enter, or press ? or * to list all spells.
Aiming: Ensorcelled Hibernation (safe; 1% risk of failure)
Press: ? - help, Shift-Dir - straight line, f - you
Okay, then.
Casting: Ensorcelled Hibernation (safe; 1% risk of failure)
Confirm with . or Enter, or press ? or * to list all spells.
Your hands begin to glow red.
The killer bee stings you.
You die...

### #.#####
####.....####
#####....###.....
####..............##
##.y@.##.#########...
#####..#####.#
#####..# #..†..## #.#
#....... #..#### ..#
###.#....# ##..#
#.....#..# ##.###..
##..#####..
########yy...# ##...#
#.. ........o..###
.....# #..
....)...#..# ####.#
#.


You could see a killer bee.

Vanquished Creatures
  Erica (D:8)
  A two-headed ogre (D:8)
  Pikel (D:8)
  A centaur zombie (D:6)
  A wraith (D:8)
  A steam dragon (D:6)
  2 water moccasins
  3 orc warriors
  A sky beast (D:7)
  4 ice beasts
  A hornet zombie (D:7)
  An ogre (D:6)
  A centaur (D:7)
  3 lemures (D:8)
  2 phantoms (D:5)
  A kobold brigand (D:6)
  5 bullfrogs
  3 scorpions
  A gnoll sergeant (D:7)
  A water moccasin skeleton (D:6)
  4 killer bees (D:9)
  A howler monkey (D:9)
  2 bullfrog zombies
  2 orc priests
  5 hounds
  A bullfrog skeleton (D:5)
  2 centaur skeletons (D:7)
  3 iguanas
  Ijyb (D:3)
  5 orc wizards
  2 howler monkey zombies
  Robin (D:3)
  4 adders
  5 gnolls
  2 white imps
  An ufetubus (D:5)
  An adder skeleton (D:5)
  2 worms
  3 dart slugs
  9 orcs
  6 ball pythons
  6 bats
  5 endoplasms
  6 giant cockroaches
  10 goblins
  3 hobgoblins
  A jackal (D:4)
  8 kobolds
  5 quokkas
  3 frilled lizards
  4 rats
148 creatures vanquished.

Vanquished Creatures (collateral kills)
  Harold (D:8)
  2 water moccasins
  3 ogres
  A phantom (D:5)
  A jelly (D:5)
  A scorpion zombie (D:5)
  An orc wizard (D:8)
  3 gnolls
  An adder (D:6)
  A dart slug (D:2)
  3 orcs
  A ball python (D:2)
  4 hobgoblins
  2 jackals (D:1)
  2 kobolds (D:2)
  A quokka (D:2)
  A bat (D:2)
  A frilled lizard (D:3)
  10 goblins (D:3)
40 creatures vanquished.

Vanquished Creatures (others)
  3 hexers
3 creatures vanquished.

Grand Total: 191 creatures vanquished

Notes
Turn   | Place    | Note
-------+----------+-------------------------------------------
     0 | D:1      | trckry the Kobold Enchanter began the quest for the Orb.
     0 | D:1      | Reached XP level 1. HP: 10/10 MP: 3/3
   350 | D:1      | Reached XP level 2. HP: 15/15 MP: 5/5
   481 | D:1      | Found a faded altar of an unknown god.
   494 | D:1      | Prayed at the altar of an unknown god.
   494 | D:1      | Became a worshipper of Hepliaklqana the Forgotten
   494 | D:1      | Reached * piety under Hepliaklqana
   501 | D:1      | Reached skill level 2 in Short Blades
   944 | D:1      | Reached XP level 3. HP: 17/17 MP: 6/6
  1599 | D:2      | Learned a level 3 spell: Confusing Touch
  1602 | D:2      | Learned a level 2 spell: Ensorcelled Hibernation
  1762 | D:2      | Reached XP level 4. HP: 21/21 MP: 7/7
  2270 | D:2      | Reached skill level 3 in Short Blades
  2459 | D:3      | Reached ** piety under Hepliaklqana
  2460 | D:3      | Remembered your ancestor Nozipho as a hexer
  2491 | D:3      | Noticed an ogre
  2495 | D:3      | Reached skill level 1 in Invocations
  2546 | D:3      | Killed an ogre
  2547 | D:3      | Reached XP level 5. HP: 7/25 MP: 9/9
  2813 | D:3      | Found an ornate altar of the Wu Jian Council.
  2873 | D:3      | Noticed an ancient zyme
  2882 | D:3      | Found a one-way gate to the infinite horrors of the Abyss.
  2882 | D:3      | Noticed Drazool's ghost (amateur FeSu)
  2893 | D:3      | Noticed a small abomination
  2897 | D:3      | Noticed a kobold brigand
  3031 | D:3      | Found a transporter.
  3068 | D:3      | Found a transporter.
  3088 | D:3      | Reached skill level 5 in Stealth
  3193 | D:3      | Noticed Robin
  3219 | D:3      | Reached XP level 6. HP: 23/28 MP: 10/10
  3223 | D:3      | Killed Robin
  3545 | D:3      | Noticed Ijyb
  3549 | D:3      | Killed Ijyb
  3550 | D:3      | Reached skill level 4 in Short Blades
  3770 | D:3      | Learned a level 3 spell: Tukima's Dance
  3891 | D:4      | Reached XP level 7. HP: 32/32 MP: 11/11
  4117 | D:4      | Found a sacrificial altar of Ru.
  4318 | D:4      | Noticed a water moccasin
  4322 | D:4      | Killed a water moccasin
  4323 | D:4      | Reached skill level 5 in Short Blades
  4323 | D:4      | Reached skill level 5 in Hexes
  4387 | D:5      | Entered Level 5 of the Dungeon
  4472 | D:5      | Noticed a water moccasin
  4480 | D:5      | Killed a water moccasin
  4481 | D:5      | Reached XP level 8. HP: 7/36 MP: 13/13
  4482 | D:5      | HP: 5/36 [poisoned by a water moccasin]
  4842 | D:5      | Reached skill level 6 in Short Blades
  5047 | D:5      | Found a blossoming altar of Fedhas.
  5256 | D:5      | Found a shadowy altar of Dithmenos.
  5260 | D:5      | Reached skill level 5 in Invocations
  5266 | D:5      | Reached *** piety under Hepliaklqana
  5274 | D:5      | Reached XP level 9. HP: 40/40 MP: 15/15
  5279 | D:5      | Reached skill level 7 in Short Blades
  5279 | D:5      | Reached skill level 1 in Ice Magic
  5984 | D:6      | Identified the +9 trident "Kotyppo" {protect, rF+}
  6633 | D:6      | Reached skill level 8 in Short Blades
  7164 | D:6      | Reached XP level 10. HP: 38/45 MP: 16/16
  7628 | D:7      | Found a hide-covered altar of Uskayaw.
  7816 | D:7      | Reached skill level 9 in Short Blades
  7992 | D:7      | Found a staircase to the Ecumenical Temple.
  8069 | D:7      | Found a basalt altar of Yredelemnul.
  8099 | D:7      | Found a stormy altar of Qazlal.
  8103 | D:7      | Found a broken altar of Ashenzari.
  8107 | D:7      | Found an iron altar of Okawaru.
  8110 | D:7      | Found a radiant altar of Vehumet.
  8708 | Temple   | Entered the Ecumenical Temple
  8975 | D:8      | Noticed Harold
  9138 | D:8      | Killed Harold
  9198 | D:8      | Noticed a two-headed ogre
  9212 | D:8      | Killed a two-headed ogre
  9213 | D:8      | Reached skill level 10 in Short Blades
  9498 | D:8      | Noticed Pikel
  9536 | D:8      | Killed Pikel
  9537 | D:8      | Reached XP level 11. HP: 48/48 MP: 17/17
  9549 | D:8      | Noticed Erica
  9559 | D:8      | Killed Erica
  9808 | D:8      | Reached **** piety under Hepliaklqana
 10218 | D:9      | HP: 1/48 [orc priest/divine providence (13)]
 10234 | D:9      | Slain by a killer bee

Illustrated notes

Levels and vault maps discovered:
D:1:      matt_arrival_spirals, layout_basic, hellmonk_ecumenical_altar_blasted,
          serial_forest, infiniplex_forest_straight_4,
          infiniplex_forest_corner_1, infiniplex_forest_lined_room_,
          infiniplex_forest_end_3, infiniplex_forest_corner_1,
          infiniplex_forest_clump_diagonal, infiniplex_forest_clump_small,
          infiniplex_forest_end_2, dk_noncrumbling_2,
          minmay_misc_feat_nine_boxes
D:2:      layout_loops_ring, minivault_26
D:3:      layout_basic, mainiacjoe_overflow_cross_hatched,
          gammafunk_ghost_abyssal_escape, minmay_ogre_servants, uniq_robin,
          uniq_ijyb
D:4:      layout_rooms, nicolae_ru_great_annihilating_truth
D:5:      layout_gridville, grunt_dithmenos_shadows, fedhas_altar_fruit_tree
D:6:      cheibrodos_quashed, layout_basic
D:7:      layout_loops_corners, nicolae_overflow_hallway_of_the_gods,
          minmay_temple_entry_tees, minivault_24, minmay_misc_feat_encased,
          kennysheep_another_room
D:8:      layout_rooms, uniq_pikel, uniq_harold, uniq_erica
D:9:      layout_rooms, mainiacjoe_overflow_alcove_1, marbit_many_paths,
          minivault_16
Temple:   jpeg_temple_island

Skill      XL: |  1  2  3  4  5  6  7  8  9 10 11 |
---------------+----------------------------------+-----
Short Blades   | 2 3 4 5 6 8 10 | 10.0
Invocations    | 1 2 3 5 6 8 9 |  9.2
Hexes          | 4 5 6 7 8 9 |  9.2
Stealth        | 5 6 7 8 9 |  9.5
Spellcasting   | 3 4 |  4.0
Ice Magic      | 2 4 |  4.0
Dodging        | |  2.5

Action                   |  1- 3 |  4- 6 |  7- 9 | 10-12 || total
-------------------------+-------+-------+-------+-------++-------
Melee: Dagger            |    76 |    89 |   154 |    85 ||   404
       Punch             |     3 |       |       |       ||     3
 Cast: Ensorcelled Hiber |     1 |     6 |    27 |    40 ||    74
       Confusing Touch   |       |       |     9 |     5 ||    14
Invok: Ancestor Life: He |       |     1 |       |       ||     1
 Stab: Sleeping          |    14 |    13 |    30 |    36 ||    93
       Confused          |       |     4 |     6 |     5 ||    15
       Distracted        |       |     1 |     1 |       ||     2
       Paralysed         |       |       |     1 |       ||     1
Armor: Robe              |    11 |     5 |    16 |    12 ||    44
Dodge: Dodged            |    47 |    45 |    52 |    35 ||   179
Block: Other             |     7 |    18 |    19 |       ||    44
       Reflection        |       |     2 |       |       ||     2
